 Dungeon Crawl Stone Soup version 0.30-a0-879-ga8ba668304 (webtiles) character file.

Game seed: 13041311777629702329

406 M4edhros the Trooper (level 6, 0/40 HPs)
             Began as an Octopode Chaos Knight on Mar 14, 2023.
             Was a Plaything of Xom.
             Slain by a quasit (1 damage)
             ... summoned by Xom
             ... on level 5 of the Dungeon.
             The game lasted 00:05:21 (4077 turns).

M4edhros the Trooper (Octopode Chaos Knight)        Turns: 4077, Time: 00:05:22

Health: 0/40       AC:  1    Str: 15      XL:     6   Next: 87%
Magic:  6/6        EV: 13    Int: 18      God:    Xom [*.....]
Gold:   261        SH:  0    Dex:  7 (12) Spells: 5/5 levels left

rFire   . . .      SeeInvis .    j - +2 sling (drain)
rCold   . . .      Faith    .    (no shield)
rNeg    . . .      Spirit   .    (helmet restricted)
rPois   .          Reflect  .    (no amulet)
rElec   .          Rampage  .    h - +6 ring of strength
rCorr   .                        (no ring)
Will    .....                    (no ring)
Stlth   ++                       (no ring)
HPRegen 0.26/turn                (no ring)
MPRegen 0.10/turn                (no ring)
                                 (no ring)
                                 (no ring)

@: attractive
A: almost no armour, amphibious, 8 rings, camouflage 1, gelatinous body 1,
(nimble swimmer 1), tentacles, clever 1, deterioration 1, frail 1, weak 1
a: Renounce Religion


You were on level 5 of the Dungeon.
You worshipped Xom.
You were a special plaything of Xom.
You visited 1 branch of the dungeon, and saw 5 of its levels.

You collected 261 gold pieces.

Inventory:

Hand Weapons
 a - a +0 mace of chaos
 j - a +2 sling of draining (weapon)
Missiles
 o - a throwing net
Jewellery
 h - a +6 ring of strength (left tentacle)
Scrolls
 c - 3 scrolls of teleportation
 e - a scroll of fog
 f - a scroll of silence {unknown}
 k - a scroll of fear {unknown}
 l - a scroll of noise {unknown}
 n - a scroll of vulnerability {unknown}
 q - 4 scrolls of immolation
 r - a scroll of torment {unknown}
Potions
 d - a potion of degeneration
 i - a potion of attraction
Miscellaneous
 b - a piece from Xom's chessboard (15/15)


   Skills:
 + Level 4.9 Fighting
 - Level 3.0 Maces & Flails
 * Level 3.7 Ranged Weapons
 + Level 4.5 Dodging


You had 5 spell levels left.
You didn't know any spells.
Your spell library contained the following spells:

 Spells                   Type           Power      Damage    Failure   Level
 Gell's Gravitas          Tloc           0%         N/A       54%         3
 Teleport Other           Tloc           0%         N/A       54%         3
 Dispersal                Tloc           0%         N/A       100%        6


Dungeon Overview and Level Annotations

Branches:
Dungeon (5/15)
 Temple: D:4-7

Altars:
Nemelex Xobeh

Shops:
D:1 (

Annotations:
D:2 1 runed translucent door, Crazy Yiuf


Innate Abilities, Weirdness & Mutations

You cannot wear most types of armour.
You are amphibious.
You can wear up to eight rings at the same time.
Your skin changes colour to match your surroundings (Stealth+).
Your rubbery body absorbs attacks. (AC +1, EV +1)
((You are camouflaged when in or above water. (Stealth+)))
You have tentacles for arms and can constrict up to eight enemies at once.
Your mind is acute. (Int +4, Str/Dex -1)
Your body sometimes deteriorates upon taking damage.
You are frail. (-10% HP)
You are weak. (Str -2)


Message History

The orc wizard flickers and vanishes!
Deactivating autopickup; reactivate with Ctrl-A.
The ufetubus hits you. The ufetubus closely misses you.
The ufetubus attacks as you move away!
The ufetubus hits you but does no damage.
The ufetubus closely misses you. Something hits you. The ufetubus hits you. x2
The phantom attacks as you move away!
The phantom hits you but does no damage.
The orc is attracted toward you.
The iguana is attracted toward you. "Let's see if it's strong enough to survive yet."
You are now a special plaything of Xom.
The ufetubus barely misses you. The ufetubus hits you.
The white imp is attracted toward you. The quasit is attracted toward you. x2
The ice beast is attracted toward you.
You shoot a sling bullet.
The sling bullet completely misses the quasit.
The ufetubus barely misses you. The ufetubus closely misses you.
The quasit misses you. The quasit claws you. The quasit closely misses you.
The quasit bites you. The quasit barely misses you.
The quasit claws you but does no damage.
A scorpion comes into view.
The white imp hits you.
* * * LOW HITPOINT WARNING * * *
The white imp freezes you.
* * * LOW HITPOINT WARNING * * *
The iron imp hits you.
* * * LOW HITPOINT WARNING * * *
The iguana is attracted toward you. The scorpion is attracted toward you.
The quasit attacks as you move away! The quasit closely misses you.
The quasit misses you. The quasit closely misses you.
The ufetubus barely misses you. The ufetubus hits you.
* * * LOW HITPOINT WARNING * * *
The quasit bites you.
* * * LOW HITPOINT WARNING * * *
The quasit claws you.
* * * LOW HITPOINT WARNING * * *
You feel clumsy. The quasit claws you.
You die...
Xom chuckles heartily!

.. #...... #..
#.....§ #...
#.....# #...#
#.....# .[..#
#....s# #$.)##
#.....##§.(..#
#.§...#Y..#
#..5@5.l§##
#..5W5os##
.....§.5.......
####..§.......#
#######......#####
#............#
#............#
#......#######
#......#


You could see an ice beast, a phantom, 2 scorpions, an iguana, an iron imp
(summoned), 2 quasits, a white imp (summoned), an orc and an ufetubus.

Vanquished Creatures
  A scorpion (D:5)
  A hound (D:3)
  2 orc wizards (D:4)
  Robin (D:2)
  4 gnolls
  7 adders
  A river rat (D:1)
  5 worms
  3 dart slugs
  5 orcs
  7 endoplasms
  4 giant cockroaches
  13 goblins
  15 hobgoblins
  10 jackals (D:1)
  3 kobolds
  6 quokkas
  9 ball pythons
  10 bats
  4 frilled lizards
  12 rats
123 creatures vanquished.

Vanquished Creatures (others)
  A jackal zombie (D:1)
1 creature vanquished.

Grand Total: 124 creatures vanquished

Notes
Turn   | Place    | Note
-------+----------+-------------------------------------------
     0 | D:1      | M4edhros the Octopode Chaos Knight began the quest for the
                  | Orb.
     0 | D:1      | Reached XP level 1. HP: 16/16 MP: 1/1
    95 | D:1      | Found Deamyes's Weapon Shop.
   196 | D:1      | Reached XP level 2. HP: 13/21 MP: 2/2
   256 | D:1      | XOM: divination: magic mapping
   284 | D:1      | XOM: polymorph dart slug -> river rat
   311 | D:1      | XOM: smoke on damage
   316 | D:1      | XOM: god gift: scroll labelled FIUSKYKEDI {god gift}
   365 | D:1      | Reached XP level 3. HP: 26/26 MP: 3/3
   456 | D:1      | XOM: 1-stop teleportation journey
   698 | D:1      | XOM: noise
   957 | D:1      | XOM: polymorph hobgoblin -> gnoll
   965 | D:1      | Reached XP level 4. HP: 27/33 MP: 4/4
  1003 | D:1      | XOM: noise
  1321 | D:2      | Noticed Robin
  1332 | D:2      | Killed Robin
  1333 | D:2      | Reached skill level 1 in Ranged Weapons
  1545 | D:2      | Reached XP level 5. HP: 37/37 MP: 5/5
  1642 | D:2      | XOM: give mutations
  1642 | D:2      | Gained mutation: You are frail. (-10% HP) [Xom's mischief]
  1642 | D:2      | Gained mutation: Your body sometimes deteriorates upon
                  | taking damage. [Xom's mischief]
  1642 | D:2      | Gained mutation: You are weak. (Str -2) [Xom's mischief]
  1642 | D:2      | Gained mutation: Your mind is acute. (Int +4, Str/Dex -1)
                  | [Xom's mischief]
  1698 | D:2      | Found a runed translucent door.
  1699 | D:2      | Noticed Crazy Yiuf
  1985 | D:3      | XOM: 5-stop teleportation journey
  2065 | D:3      | XOM: cleaving
  2068 | D:3      | XOM: butterfly on damage
  2093 | D:3      | XOM: god gift: scroll labelled BAESANTOGE {god gift}
  2319 | D:3      | Reached XP level 6. HP: 28/39 MP: 6/6
  2520 | D:3      | XOM: smoke on damage
  2572 | D:3      | XOM: cloud trail
  2647 | D:3      | XOM is BORED!
  2647 | D:3      | XOM: noise
  3108 | D:4      | XOM: god gift: 2 scrolls labelled ILIESU JOMELANIX {god
                  | gift}
  3116 | D:4      | XOM: cast spell 'Dispersal'
  3281 | D:4      | XOM: divination: detect items
  3382 | D:4      | XOM: divination: magic mapping
  3510 | D:4      | XOM: butterfly on damage
  3618 | D:4      | Found a sparkling altar of Nemelex Xobeh.
  3976 | D:5      | Entered Level 5 of the Dungeon
  4068 | D:5      | Noticed an ice beast
  4075 | D:5      | XOM: summons 4 hostile demons
  4077 | D:5      | HP: 1/40 [quasit[Xom] (2)]
  4077 | D:5      | Slain by a quasit

Illustrated notes

Levels and vault maps discovered:
D:1:      scummos_arrival_forest, layout_basic, serial_shops,
          nicolae_shop_statue_plus
D:2:      layout_basic, columned_hall_lemuel, uniq_robin,
          uniq_crazy_yiuf_cottage
D:3:      layout_basic, minmay_fractal_squares_5
D:4:      layout_loops_ring, nemelex_spade_bored_becter
D:5:      layout_basic, lemuel_doored_altar, mainiacjoe_overflow_alcove_1,
          minmay_temple_entry_antechambers, minmay_circle_x

Skill      XL: |  1  2  3  4  5  6 |
---------------+-------------------+-----
Dodging        | 3 4 |  4.5
Fighting       | 4 |  4.9
Ranged Weapons | 1 2 3 |  3.7
Maces & Flails | |  3.0

Action                     |  1- 3 |  4- 6 || total
---------------------------+-------+-------++-------
  Melee: Mace              |    70 |       ||    70
         Constrict         |    20 |       ||    20
         Tentacles         |    10 |       ||    10
         Punch             |     1 |       ||     1
   Fire: Sling             |       |   261 ||   261
    Use: Potion            |       |    12 ||    12
         Scroll            |       |     4 ||     4
   Stab: Sleeping          |     7 |       ||     7
 Armour: Skin              |     5 |    22 ||    27
  Dodge: Dodged            |    50 |   124 ||   174

Table legend: (Time is in decaauts)
 A = Elapsed time spent in this place.
 B = Non-inter-level travel time spent in this place.
 C = Inter-level travel time spent in this place.
 D = Time resting spent in this place.
 E = Time spent auto-exploring this place.
 F = Levels seen in this place.
 G = Mean time per level.
                   A        B        C        D        E       F      G
               +--------+--------+--------+--------+--------+-----+--------+
         Total |   4133 |   3985 |    148 |    119 |   3131 |   5 |  826.6 |
       Dungeon |   4133 |   3985 |    148 |    119 |   3131 |   5 |  826.6 |
               +--------+--------+--------+--------+--------+-----+--------+

Top non-repeatable levels by time:
     D:1: 1203 daAuts
     D:3: 1051 daAuts
     D:4: 971 daAuts
     D:2: 801 daAuts
     D:5: 104 daAuts
